 Dungeon Crawl Stone Soup version 0.19.0 (webtiles) character file.

13427 Oroborous the Grappler (level 11, 0/171 (172) HPs)
             Began as a Troll Summoner on Nov 20, 2016.
             Was a Believer of Dithmenos.
             Succumbed to Sonja's poison
             ... on level 2 of the Lair of Beasts.
             The game lasted 00:41:45 (13147 turns).

Oroborous the Grappler (Troll Summoner)            Turns: 13147, Time: 00:41:45

HP:   0/171 (172)   AC: 25    Str: 18    XL:     11   Next: 75%
MP:   11/11         EV:  1    Int: 11    God:    Dithmenos [**....]
Gold: 704           SH:  0    Dex: 13    Spells: 1 memorised, 11 levels left

rFire  + . .     SeeInvis .       - Unarmed
rCold  . . .     Gourm    +     (armour currently unavailable)
rNeg   + + +     Faith    .     (no shield)
rPois  +         Spirit   .     (helmet currently unavailable)
rElec  .         Reflect  .     (cloak currently unavailable)
rCorr  .         Harm     .     (gloves unavailable)
MR     .....     NoTele   +     (boots unavailable)
Stlth  ++........               (no amulet)
                                g - ring of positive energy
                                l - ring of protection from fire

@: lethally poisoned (0 -> -10), tree-form, very slightly contaminated, slowed,
wreathed by umbra, invisible, very slow
A: unfitting armour, (claws 0), fast metabolism 3, gourmand, regeneration 1,
(shaggy fur 0), (tough skin 0)
a: Shadow Step, Renounce Religion


You were on level 2 of the Lair of Beasts.
You worshipped Dithmenos.
Dithmenos was pleased with you.
You were completely stuffed.
You were a tree.
You visited 3 branches of the dungeon, and saw 14 of its levels.

You collected 704 gold pieces.

Inventory:

Hand Weapons
 b - a +1 blowgun
Missiles
 r - 90 poisoned needles
Armour
 s - a +0 troll leather armour (melded)
 v - a +0 shield
 B - a +1 cloak (melded)
Jewellery
 f - an uncursed amulet of faith
 g - a ring of positive energy (right branch)
 l - a ring of protection from fire (left branch)
 n - an uncursed ring of resist corrosion
Wands
 t - a wand of enslavement (7/24)
Scrolls
 a - a scroll of recharging
 h - 2 scrolls of blinking
 k - 2 scrolls of remove curse
 w - a scroll of fog
 y - a scroll of magic mapping
 A - a scroll of teleportation
Potions
 d - 2 potions of brilliance
 e - 2 potions of lignification
 i - a potion of flight
 m - a potion of magic
 p - a potion of invisibility
 q - a potion of cancellation
Comestibles
 c - 13 bread rations
 j - 4 meat rations
 o - 5 beef jerkies
 u - 3 fruits
 x - 11 slices of pizza
 C - 8 chunks of flesh


   Skills:
 * Level 9.5 Fighting
 - Level 6.0 Armour
 + Level 6.4 Dodging
 - Level 1.0 Stealth
 + Level 2.2 Shields
 * Level 10.9 Unarmed Combat
 - Level 1.2 Spellcasting
 - Level 2.9 Summonings


You had 11 spell levels left.
You knew the following spells:

 Your Spells              Type           Power        Failure   Level  Hunger
a - Summon Small Mammal   Summ           #...         12%         1    ##.....


Dungeon Overview and Level Annotations

Branches:
Dungeon (11/15)            Temple (1/1) D:7            Lair (2/6) D:10
  Swamp: Lair:2-4    Shoals: Lair:2-4     Snake: Lair:2-4    Spider: Lair:2-4
    Orc: D:9-12

Altars:
Ashenzari
Cheibriados
Dithmenos
Elyvilon
Fedhas
Gozag
Hepliaklqana
Kikubaaqudgha
Makhleb
Nemelex Xobeh
Okawaru
Qazlal
Ru
Sif Muna
Trog
Uskayaw
Vehumet
Xom
Yredelemnul
Zin
The Shining One

Shops:
D:5 [

Annotations:
D:10 exclusion: obsidian statue
D:11 PrincessPwny's ghost, journeyman FoFi
Lair:2 Sonja


Innate Abilities, Weirdness & Mutations

You are too large for most types of armour.
((You have claws for hands.))
Your metabolism is lightning-fast.
You like to eat raw meat.
Your natural rate of healing is unusually fast.
((You are covered in fur. (AC +1)))
((You have very tough skin. (AC +2)))


Message History

Unknown command.
* * * LOW HITPOINT WARNING * * *
You feel very sick.
* * * LOW HITPOINT WARNING * * *
You feel very sick.
You see here 4 curare-tipped needles.
* * * LOW HITPOINT WARNING * * *
You feel very sick.
You see here a curare-tipped needle.
* * * LOW HITPOINT WARNING * * *
You feel very sick.
You turn into a tree.
Your +1 cloak melds into your body.
Your +0 troll leather armour melds into your body.
Your roots penetrate the ground.
* * * LOW HITPOINT WARNING * * *
You feel very sick.
* * * LOW HITPOINT WARNING * * *
You feel very sick.
It was a potion of cure mutation.
It has a very clean taste.
You die...

.......#......#PP.P#.##.
.......P...............
..#.#............>...#
..P.#..#.............#
...÷...#...(...(.....# .
..#....#...(....(....#...
#...............(.(..).(..
..........##.#.(#+.....(..
................♣..#...P#P
.........#.........#......
.........#.........#......
..........................
....P..(.#.........#...###
.........P.....<.#####..
....#....P......## # ##.
....P......P####.. #..
.............##... #.


There were no monsters in sight!

Vanquished Creatures
  A hydra (Lair:2)
  2 hill giants
  Pikel (D:6)
  An ugly thing (D:11)
  A black mamba (Lair:2)
  A gargoyle (D:10)
  2 spiny frogs
  Psyche (D:8)
  A tyrant leech (Lair:2)
  A troll (D:8)
  A two-headed ogre (D:8)
  Prince Ribbit (D:9)
  A polar bear (Lair:2)
  2 hippogriffs (D:7)
  A hornet (D:9)
  Sigmund (D:2)
  2 wyverns
  3 yaks
  A human (D:10)
  4 hogs (D:10)
  Menkaure (D:6)
  Duvessa (D:6)
  5 water moccasins
  2 porcupines (Lair:1)
  A sky beast (D:9)
  An ice beast (D:9)
  2 slaves (D:6)
  2 ogres (D:4)
  2 orc warriors
  3 necrophages
  4 phantoms
  2 black bears (D:8)
  3 centaurs
  6 crocodiles
  9 big kobolds
  6 bullfrogs
  Dowan (D:6)
  3 scorpions
  6 killer bees (D:9)
  2 vampire bats (D:6)
  2 wights (D:7)
  2 howler monkeys
  2 centaur zombies
  A quasit (D:5)
  3 bullfrog zombies (D:7)
  4 crimson imps
  A centaur skeleton (D:6)
  A gnoll shaman (D:4)
  6 hounds
  An orc priest (D:10)
  A bullfrog skeleton (D:10)
  3 iguanas
  7 orc wizards
  4 worker ants
  A hound zombie (D:8)
  A hound skeleton (D:7)
  2 mummies (D:7)
  A howler monkey zombie (D:7)
  13 gnolls
  15 adders
  3 shadow imps
  An ooze (D:1)
  An adder skeleton (D:6)
  2 worms
  3 dart slugs
  The ghost of Ultraviolent4 the Ruffian, a weakling VSTm (D:3)
  3 leopard geckos
  26 orcs
  12 bats
  2 giant cockroaches
  5 goblins
  9 hobgoblins
  23 jackals
  4 quokkas
  2 ball pythons
  4 frilled lizards (D:2)
  56 kobolds
  6 rats
  A plant (D:7)
326 creatures vanquished.

Vanquished Creatures (others)
  A hippogriff (Lair:2)
  A scorpion (D:6)
  A crimson imp (D:6)
  4 jackals (D:6)
  A kobold (D:6)
  A withered plant (D:7)
9 creatures vanquished.

Grand Total: 335 creatures vanquished

Notes
Turn   | Place    | Note
-------+----------+-------------------------------------------
     0 | D:1      | Oroborous the Troll Summoner began the quest for the Orb.
     0 | D:1      | Reached XP level 1. HP: 16/16 MP: 1/1
    11 | D:1      | Noticed a salamander
    11 | D:1      | Noticed a wyvern
    15 | D:1      | Noticed a black bear
    60 | D:1      | Reached XP level 2. HP: 17/26 MP: 2/2
   238 | D:1      | Reached skill level 1 in Fighting
   238 | D:1      | Reached skill level 1 in Unarmed Combat
   268 | D:1      | Found a snail-covered altar of Cheibriados.
   735 | D:2      | Reached XP level 3. HP: 29/33 MP: 3/3
   849 | D:2      | Noticed Sigmund
  1180 | D:2      | Reached skill level 1 in Armour
  1465 | D:2      | Reached XP level 4. HP: 36/42 MP: 2/4
  1509 | D:2      | Found a white marble altar of Elyvilon.
  1813 | D:2      | Reached skill level 2 in Unarmed Combat
  1897 | D:2      | Killed Sigmund
  1897 | D:2      | Reached XP level 5. HP: 27/50 MP: 2/5
  2172 | D:3      | Found a faded altar of an unknown god.
  2178 | D:3      | Reached skill level 3 in Unarmed Combat
  2298 | D:3      | Noticed Ultraviolent4's ghost (weakling VSTm)
  2308 | D:3      | Killed Ultraviolent4's ghost
  2347 | D:3      | Reached XP level 6. HP: 51/59 MP: 6/6
  3152 | D:4      | Found an ancient bone altar of Kikubaaqudgha.
  3245 | D:4      | Reached skill level 4 in Unarmed Combat
  3245 | D:4      | Reached XP level 7. HP: 59/67 MP: 7/7
  3343 | D:4      | Found a shimmering altar of Xom.
  3828 | D:4      | Found a shattered altar of Ashenzari.
  3956 | D:5      | Entered Level 5 of the Dungeon
  4066 | D:4      | Reached skill level 5 in Unarmed Combat
  4082 | D:5      | Reached XP level 8. HP: 66/79 MP: 8/8
  4245 | D:5      | Found Lesom's Antique Armour Emporium.
  5077 | D:5      | Reached skill level 5 in Fighting
  5350 | D:5      | Reached skill level 6 in Unarmed Combat
  5746 | D:6      | Noticed Menkaure
  5749 | D:6      | Reached XP level 9. HP: 77/89 MP: 9/9
  5753 | D:6      | Killed Menkaure
  5926 | D:6      | Noticed Duvessa
  5926 | D:6      | Noticed Dowan
  5943 | D:6      | Killed Duvessa
  5949 | D:6      | Killed Dowan
  6199 | D:6      | Noticed Pikel
  6226 | D:6      | Killed Pikel
  6226 | D:6      | Reached skill level 7 in Unarmed Combat
  6462 | D:6      | Found a radiant altar of Vehumet.
  7094 | D:7      | Found a stormy altar of Qazlal.
  7226 | D:7      | Found a snail-covered altar of Cheibriados.
  7344 | D:7      | Found a staircase to the Ecumenical Temple.
  7349 | Temple   | Entered the Ecumenical Temple
  7550 | Temple   | Became a worshipper of Dithmenos the Shadowed
  7693 | D:7      | Reached skill level 8 in Unarmed Combat
  7840 | D:7      | Reached XP level 10. HP: 88/100 MP: 10/10
  7917 | D:7      | Reached skill level 5 in Dodging
  8297 | D:7      | Found a sacrificial altar of Ru.
  8356 | D:8      | Found a sparkling altar of Nemelex Xobeh.
  8603 | D:8      | Found a bloodstained altar of Trog.
  8795 | D:8      | Reached * piety under Dithmenos
  8885 | D:8      | Noticed Psyche
  8900 | D:8      | Killed Psyche
  8900 | D:8      | Reached skill level 5 in Armour
  9249 | D:9      | Noticed Prince Ribbit
  9793 | D:9      | Killed Prince Ribbit
  9793 | D:9      | Reached skill level 9 in Unarmed Combat
 10308 | D:10     | Entered Level 10 of the Dungeon
 10376 | D:10     | Noticed an obsidian statue
 10396 | D:10     | Found a staircase to the Lair.
 10615 | D:10     | Noticed a gargoyle
 10620 | D:10     | Noticed a hill giant
 10629 | D:10     | Killed a gargoyle
 10629 | D:10     | Reached XP level 11. HP: 66/113 MP: 11/11
 10675 | D:10     | Killed a hill giant
 10675 | D:10     | Reached ** piety under Dithmenos
 11203 | D:11     | Noticed a red ugly thing
 11218 | D:11     | Killed a red ugly thing
 11267 | D:11     | Reached skill level 10 in Unarmed Combat
 11278 | D:11     | Noticed a hill giant
 11293 | D:11     | Killed a hill giant
 11428 | D:11     | Noticed a hill giant
 11433 | D:11     | Noticed a purple ugly thing
 11470 | D:11     | Noticed PrincessPwny's ghost (journeyman FoFi)
 11540 | Lair:1   | Entered Level 1 of the Lair of Beasts
 12132 | Lair:1   | Reached skill level 1 in Shields
 12521 | Lair:2   | Noticed a five-headed hydra
 12583 | Lair:2   | Killed a five-headed hydra
 13120 | Lair:2   | Noticed Sonja
 13144 | Lair:2   | HP: 5/114 [poisoned by Sonja]
 13146 | Lair:2   | HP: 2/171 [poisoned by Sonja]
 13147 | Lair:2   | Succumbed to Sonja's poison

Skill      XL: |  1  2  3  4  5  6  7  8  9 10 11 |
---------------+----------------------------------+-----
Fighting       | 1 2 3 4 5 7 8 9 |  9.5
Unarmed Combat | 1 2 3 4 5 6 8 9 10 | 10.9
Armour         | 1 2 3 4 5 6 |  6.0
Dodging        | 2 3 4 5 6 |  6.4
Shields        | 2 |  2.2
Stealth        | |  1.0
Spellcasting   | |  1.2
Summonings     | |  2.9

Action                   |  1- 3 |  4- 6 |  7- 9 | 10-12 || total
-------------------------+-------+-------+-------+-------++-------
Melee: Unarmed           |   106 |   168 |   518 |   496 ||  1288
       Punch             |       |     1 |    11 |    20 ||    32
 Fire: Blowgun           |       |    26 |       |     4 ||    30
Throw: Tomahawk          |       |       |     2 |       ||     2
 Cast: Summon Small Mamm |     5 |    14 |    16 |     2 ||    37
Evoke: Wand              |       |       |       |     1 ||     1
  Use: Scroll            |       |     5 |    14 |     8 ||    27
       Potion            |       |       |     3 |     9 ||    12
 Stab: Sleeping          |     1 |     1 |     1 |     3 ||     6
  Eat: Chunk             |    18 |    18 |    43 |    49 ||   128
Armor: Robe              |    45 |    55 |   152 |    29 ||   281
       Troll leather arm |       |       |       |    93 ||    93
       Skin              |       |       |       |    17 ||    17
Dodge: Dodged            |    57 |    51 |   339 |   286 ||   733
